cohdb
Replays
Latest Replays
All Replays
Popular Replays
Top Player Replays
Match Explorer
How It Works
Community
CoH3 Stats
Reddit
Sign in to upload your games and track your stats! →
Sign in with Steam
Light Vehicles Have All the Fun
Match 22397932
Overview
Messages
Build Orders
End
Construct Barracks
Selects Armored Battlegroup
Selects Veteran Crews
1⁄4-ton 4x4 Truck
1⁄4-ton 4x4 Truck
Riflemen Squad
Riflemen Squad
Riflemen Squad
Mechanized Support Center
Construct Motor Pool
Selects Fast Deploy
Selects M31 Recovery Vehicle
M8 Greyhound Armored Car
Designate Forward Repair Station
Construct Medical Station
M8 Greyhound Armored Car
Engineer Squad
Selects War Machine
Improvised Armor
M1 Anti-tank Gun Team
Engineer Squad
M8 Greyhound Armored Car
Riflemen Squad
M1 Anti-tank Gun Team
M24 Chaffee Light Tank
Selects Seek and Destroy
M8 Greyhound Armored Car
full_counter
Kwarzym
0
0
Comments
sign in to comment!
No comments posted yet!